Map: El Dorado

Players

lambada - Winner!

  • Race: Protoss Protoss
  • League: Platinum
  • Spawn Location: 5:00

Illua

  • Race: Zerg Zerg
  • League: Platinum
  • Spawn Location: 7:00

VOD

Have the link to the VOD?

Description

Time

  • Played on: April 17, 2025, 9:20 a.m.
  • Length: 10:30
Show
View Real Time Build Order
Export as new Build Order

lambada Protoss - Winner!

Build Orders:  

Get SALT Encoding   

  1  0:00  Probe  
  12  0:06  Probe  
  14  0:16  Probe  
  15  0:33  Pylon  
  15  0:51  Probe  
  15  0:55  Gateway  
  16  1:00  Forge  
  16  1:17  Probe  
  17  1:30  Probe  
  18  1:41  Photon Cannon  
  18  1:42  Probe, Photon Cannon  
  19  1:50  Cybernetics Core  
  19  1:53  Probe  
  20  1:56  Assimilator  
  20  2:01  Probe, Assimilator  
  21  2:09  Probe  
  21  2:13  Pylon  
  22  2:20  Probe  
  23  2:31  Probe  
  24  2:39  Probe  
  25  2:47  Probe  
  26  2:57  Nexus  
  26  3:00  Assimilator  
  26  3:02  Assimilator  
  26  3:08  Photon Cannon  
  26  3:18  Probe  
  26  3:19  Photon Cannon  
  27  3:30  Probe, Pylon  
  28  3:37  Pylon  
  28  3:43  Probe  
  29  3:53  Stargate  
  29  3:55  Probe  
  30  4:03  Photon Cannon  
  30  4:07  Probe  
  31  4:11  Photon Cannon  
  31  4:21  Shield Battery  
  31  4:26  Photon Cannon  
  31  4:30  Probe  
  31  4:31  Probe  
  33  4:42  Shield Battery  
  33  4:44  Photon Cannon  
  33  4:47  Pylon  
  33  4:52  Probe x2, Pylon  
  34  5:15  Void Ray  
  38  5:29  Fleet Beacon  
  38  5:31  Stargate  
  38  5:33  Probe x2, Stargate  
  40  5:44  Robotics Facility  
  40  5:45  Probe x2  
  42  6:15  Tempest  
  46  6:47  Tempest  
  46  6:59  Stargate  
  46  7:03  Shield Battery  
  46  7:05  Photon Cannon  
  46  7:08  Photon Cannon  
  46  7:09  Photon Cannon  
  46  7:12  Photon Cannon  
  46  7:15  Photon Cannon  
  46  7:17  Photon Cannon  
  46  7:18  Tempest  
  46  7:22  Photon Cannon  
  50  7:24  Photon Cannon  
  50  7:26  Photon Cannon  
  50  7:30  Tempest  
  50  7:31  Probe x2  
  56  7:43  Probe x2  
  58  7:54  Tempest  
  58  7:55  Probe  
  63  8:01  Tempest  
  67  8:22  Pylon  
  67  8:24  Pylon  
  67  8:26  Protoss Shields Level 1, Pylon  
  67  8:28  Pylon  
  67  8:55  Unknown  
  79  9:48  Void Ray x3  
Show
View Real Time Build Order
Export as new Build Order

Illua Zerg 

Build Orders: Hatch First, Zergling Baneling 

Get SALT Encoding   

  12  0:00  Drone  
  13  0:12  Overlord  
  13  0:18  Drone  
  14  0:30  Drone x2  
  16  0:50  Hatchery  
  16  0:52  Drone  
  16  0:55  Drone  
  17  0:58  Drone  
  18  1:09  Extractor  
  17  1:16  Spawning Pool  
  17  1:18  Drone  
  17  1:22  Drone  
  18  1:28  Drone  
  19  1:38  Drone  
  20  2:01  Overlord  
  20  2:05  Queen x2  
  24  2:09  Zergling x4  
  24  2:14  Overlord  
  26  2:21  Overlord  
  26  2:24  Drone  
  26  2:25  Drone  
  28  2:31  Metabolic Boost  
  28  2:34  Drone  
  28  2:36  Drone  
  30  2:48  Queen  
  30  2:50  Drone  
  33  2:58  Drone  
  34  3:00  Baneling Nest  
  34  3:01  Drone  
  34  3:03  Drone  
  35  3:09  Drone x2  
  37  3:15  Overlord  
  37  3:19  Drone  
  38  3:20  Drone  
  38  3:21  Drone  
  40  3:28  Lair  
  40  3:30  Drone  
  41  3:44  Hatchery  
  41  3:46  Zergling x4  
  41  3:47  Zergling x2  
  43  3:55  Zergling x6  
  46  3:58  Overlord  
  46  4:01  Zergling x4  
  48  4:13  Evolution Chamber, Zergling x8  
  48  4:14  Zergling x2  
  48  4:17  Overlord  
  52  4:21  Baneling x5  
  52  4:22  Baneling  
  52  4:23  Baneling  
  52  4:24  Baneling  
  50  4:41  Drone x8  
  58  4:55  Spore Crawler  
  58  4:57  Spore Crawler  
  54  5:04  Zergling x2  
  54  5:05  Zergling x8  
  54  5:12  Queen x2  
  54  5:14  Queen  
  52  5:16  Zergling x4  
  56  5:21  Zergling x2  
  56  5:22  Zergling x4  
  59  5:35  Spore Crawler  
  58  5:36  Extractor  
  56  5:44  Zergling x18  
  64  5:56  Zergling x6  
  62  6:24  Spire  
  61  6:26  Infestation Pit  
  60  6:42  Queen  
  60  6:43  Queen x2  
  64  6:49  Zergling x20  
  74  6:57  Overlord x3  
  72  7:15  Baneling x6  
  67  7:18  Queen  
  69  7:23  Extractor  
  69  7:27  Drone x3  
  71  7:30  Drone x2  
  71  7:31  Drone, Extractor  
  73  7:51  Corruptor  
  75  8:03  Overlord x3  
  75  8:04  Overlord x2  
  75  8:06  Corruptor  
  77  8:13  Zergling x4  
  77  8:14  Zergling x4  
  81  8:27  Corruptor x2  
  81  8:32  Overlord x3  
  81  8:41  Spore Crawler  
  80  8:54  Spore Crawler  
  79  8:56  Corruptor  
  79  8:57  Corruptor  
  77  9:22  Corruptor  
  77  9:30  Drone x3  
  78  9:32  Drone x3  
  78  9:37  Corruptor  
  81  9:42  Queen x3  
  65  10:13  Spore Crawler  
  64  10:16  Spore Crawler  
  64  10:20  Spore Crawler  
  64  10:21  Spore Crawler  
  64  10:23  Spore Crawler  
  64  10:27  Spore Crawler  
Tags
 
Add a new tag
Caveats
  • Supply blocks, unpowered buildings, or Contaminate may cause inaccurate times.
  • Supply counts are checked every 10 seconds.